General information
- name: BNet
- type: Ladder team game (AT/RT)
- host: Battle.net
- saver: Anki
map: Deadlands
- players: 8
- length: 35:24
- speed: Fast
- version: 1.27 W3XP
- replay type: Public
» download(186 KB)
Players
team 1 (loser)

»
ih8naggers (
teal | 69 APM | 1256 actions | 18:16)
4 Archmage
2 Summon Water Elemental
2 Brilliance Aura
3 Paladin
2 Holy Light
1 Divine Shield
» actions
| Basic commands | 16 | |
| Build / train | 92 | |
| Enter build submenu | 30 | |
| Enter hero's abilities submenu | 7 | |
| Give item / drop item | 2 | |
| Remove unit from queue | 2 | |
| Right click | 556 | |
| Select / deselect | 451 | |
| Use ability | 100 | |
1256 total
» units
| Peasant | 32 | |
| Footman | 12 | |
| Dragonhawk Rider | 2 | |
| Gryphon Rider | 2 | |
| Knight | 5 | |
53 total
» upgrades
| Defend | 1 | |
| Swords | 3 | |
| Masonry | 2 | |
| Armor | 3 | |
| Lumber Harvesting | 1 | |
| Animal War Training | 1 | |
| Cloud | 1 | |
| Storm Hammers | 1 | |
| Plating | 1 | |
14 total
» buildings
| Altar of Kings | 1 | |
| Farm | 12 | |
| Barracks | 1 | |
| Lumber Mill | 1 | |
| Scout Tower | 11 | |
| Arcane Tower | 2 | |
| Town Hall | 1 | |
| Blacksmith | 1 | |
| Guard Tower | 6 | |
| Arcane Vault | 1 | |
| Keep | 2 | |
| Castle | 1 | |
| Gryphon Aviary | 2 | |
42 total
» build order
00:05 Altar of Kings
00:08 Farm
00:51 Barracks
01:28 Farm
01:34 Lumber Mill
01:41 Scout Tower
02:10 Arcane Tower
02:16 Farm
04:00 Town Hall
04:17 Scout Tower
04:20 Scout Tower
04:33 Blacksmith
04:44 Farm
04:47 Guard Tower
05:00 Guard Tower
05:22 Farm
05:44 Arcane Vault
06:01 Farm
06:05 Scout Tower
06:06 Scout Tower
06:15 Keep
06:15 Keep
06:41 Scout Tower
07:40 Guard Tower
09:08 Scout Tower
09:11 Farm
09:17 Scout Tower
09:29 Castle
09:32 Gryphon Aviary
10:03 Scout Tower
10:04 Guard Tower
10:16 Gryphon Aviary
10:37 Guard Tower
11:01 Farm
11:02 Farm
12:55 Farm
13:00 Scout Tower
14:11 Arcane Tower
15:07 Farm
15:07 Farm
15:09 Scout Tower
17:55 Guard Tower
» items
| Scroll of Regeneration | 2 | |
| Scroll of Town Portal | 1 | |
3 total
ufcdeeznuts (
yellow | 55 APM | 1063 actions | 19:10)
4 Keeper of the Grove
2 Force of Nature
2 Thorns Aura
2 Priestess of the Moon
1 Trueshot Aura
1 Searing Arrows
» actions
| Assign group hotkey | 27 | |
| Build / train | 96 | |
| Enter build submenu | 19 | |
| Enter hero's abilities submenu | 6 | |
| Remove unit from queue | 2 | |
| Right click | 347 | |
| Select / deselect | 223 | |
| Select group hotkey | 289 | |
| Use ability | 54 | |
1063 total
» units
| Wisp | 16 | |
| Archer | 30 | |
| Goblin Shredder | 1 | |
| Hippogryph | 24 | |
| Faerie Dragon | 1 | |
72 total
» upgrades
| Strength of the Moon | 3 | |
| Moon Armor | 3 | |
| Hippogryph Taming | 1 | |
| Improved Bows | 1 | |
| Marksmanship | 1 | |
| Well Spring | 1 | |
10 total
» buildings
| Altar of Elders | 1 | |
| Moon Well | 6 | |
| Ancient of War | 1 | |
| Tree of Life | 1 | |
| Tree of Ages | 1 | |
| Hunter's Hall | 1 | |
| Ancient of Wonders | 1 | |
| Ancient of Wind | 3 | |
| Ancient Protector | 3 | |
| Tree of Eternity | 1 | |
19 total
» build order
00:11 Altar of Elders
00:13 Moon Well
00:35 Ancient of War
01:29 Moon Well
03:45 Tree of Life
04:07 Tree of Ages
04:23 Hunter's Hall
06:21 Moon Well
07:12 Ancient of Wonders
08:12 Ancient of Wind
08:23 Ancient Protector
08:26 Ancient Protector
08:28 Ancient Protector
09:10 Ancient of Wind
09:14 Ancient of Wind
10:47 Moon Well
10:49 Moon Well
11:13 Tree of Eternity
16:36 Moon Well
» items
Chillin (
pink | 43 APM | 1507 actions | 35:23)
9 Blademaster
3 Wind Walk
3 Critical Strike
1 Bladestorm
2 Mirror Image
» actions
| Assign group hotkey | 33 | |
| Basic commands | 12 | |
| Build / train | 62 | |
| Enter build submenu | 58 | |
| Enter hero's abilities submenu | 9 | |
| Give item / drop item | 7 | |
| Remove unit from queue | 2 | |
| Right click | 768 | |
| Select / deselect | 248 | |
| Select group hotkey | 137 | |
| Use ability | 171 | |
1507 total
» units
| Peon | 8 | |
| Grunt | 4 | |
| Goblin Shredder | 1 | |
| Goblin Sapper | 5 | |
| Goblin Zeppelin | 1 | |
19 total
» upgrades
| Ranged Weapons | 3 | |
| Armor | 3 | |
| Reinforced Defenses | 1 | |
| Envenomed Spears | 1 | |
| Liquid Fire | 1 | |
| Spiked Barricades | 1 | |
| Ultravision | 1 | |
| Troll Regeneration | 1 | |
12 total
» buildings
| Orc Burrow | 5 | |
| Altar of Storms | 1 | |
| Barracks | 1 | |
| Voodoo Lounge | 2 | |
| Stronghold | 1 | |
| War Mill | 2 | |
| Great Hall | 3 | |
| Watch Tower | 39 | |
| Fortress | 1 | |
| Beastiary | 4 | |
| Moon Well | 8 | |
| Scout Tower | 24 | |
| Guard Tower | 4 | |
95 total
» build order
00:12 Orc Burrow
00:54 Orc Burrow
01:03 Altar of Storms
01:10 Barracks
01:55 Voodoo Lounge
02:50 Stronghold
03:39 War Mill
04:55 Great Hall
06:43 Orc Burrow
07:17 Orc Burrow
08:38 Watch Tower
08:38 Watch Tower
08:39 Watch Tower
08:39 Watch Tower
08:42 Voodoo Lounge
09:14 Watch Tower
09:14 Watch Tower
09:16 Fortress
10:05 Watch Tower
10:39 Watch Tower
10:40 Watch Tower
10:41 Watch Tower
10:48 Watch Tower
10:50 Watch Tower
11:48 Orc Burrow
13:14 Beastiary
13:15 Beastiary
13:18 Beastiary
13:38 Watch Tower
13:43 Watch Tower
13:47 Watch Tower
14:48 Beastiary
14:59 War Mill
17:37 Watch Tower
17:40 Watch Tower
17:45 Watch Tower
17:48 Watch Tower
17:50 Watch Tower
20:43 Moon Well
20:43 Moon Well
20:43 Moon Well
20:44 Moon Well
20:44 Moon Well
20:45 Moon Well
20:45 Moon Well
20:45 Moon Well
21:33 Scout Tower
21:33 Scout Tower
21:33 Scout Tower
21:34 Scout Tower
21:34 Scout Tower
21:35 Scout Tower
21:35 Scout Tower
21:36 Scout Tower
21:36 Scout Tower
21:36 Scout Tower
21:37 Scout Tower
21:37 Scout Tower
21:37 Scout Tower
21:38 Scout Tower
21:38 Scout Tower
21:38 Scout Tower
21:39 Scout Tower
21:39 Scout Tower
21:40 Scout Tower
21:40 Scout Tower
22:47 Guard Tower
22:50 Guard Tower
23:43 Guard Tower
23:59 Great Hall
24:03 Watch Tower
24:03 Watch Tower
24:04 Watch Tower
24:04 Watch Tower
24:05 Watch Tower
24:05 Watch Tower
24:06 Watch Tower
25:18 Guard Tower
30:21 Great Hall
30:23 Watch Tower
30:24 Watch Tower
30:24 Watch Tower
30:25 Watch Tower
30:25 Watch Tower
30:26 Watch Tower
30:28 Watch Tower
30:28 Watch Tower
30:29 Watch Tower
30:41 Watch Tower
30:42 Watch Tower
» items
| Healing Salve | 3 | |
| Lesser Clarity Potion | 2 | |
| Potion of Healing | 3 | |
| Potion of Mana | 1 | |
| Scroll of Town Portal | 3 | |
| Orb of Lightning | 1 | |
13 total

»
Tasta-my-BladE (
red | 49 APM | 881 actions | 17:56)
4 Archmage
2 Summon Water Elemental
2 Brilliance Aura
2 Goblin Tinker
1 Pocket Factory
1 Engineering Upgrade
» actions
| Assign group hotkey | 15 | |
| Basic commands | 4 | |
| Build / train | 51 | |
| Enter build submenu | 22 | |
| Enter hero's abilities submenu | 6 | |
| Right click | 501 | |
| Select / deselect | 239 | |
| Use ability | 43 | |
881 total
» units
| Peasant | 11 | |
| Footman | 4 | |
| Rifleman | 12 | |
| Priest | 5 | |
32 total
» upgrades
| Priest Training | 2 | |
| Long Rifles | 1 | |
| Gunpowder | 1 | |
| Armor | 1 | |
5 total
» buildings
| Altar of Kings | 1 | |
| Farm | 9 | |
| Barracks | 2 | |
| Scout Tower | 3 | |
| Arcane Tower | 1 | |
| Lumber Mill | 1 | |
| Town Hall | 1 | |
| Blacksmith | 1 | |
| Guard Tower | 2 | |
| Keep | 1 | |
| Arcane Vault | 1 | |
| Arcane Sanctum | 1 | |
| Castle | 1 | |
25 total
» build order
00:03 Altar of Kings
00:13 Farm
00:31 Barracks
01:10 Farm
01:27 Farm
01:38 Scout Tower
01:49 Farm
02:26 Arcane Tower
02:48 Lumber Mill
02:56 Farm
04:15 Town Hall
04:34 Scout Tower
04:50 Blacksmith
04:57 Farm
05:27 Guard Tower
05:57 Barracks
06:14 Farm
06:54 Farm
07:14 Keep
07:56 Scout Tower
08:27 Guard Tower
08:29 Farm
08:52 Arcane Vault
09:58 Arcane Sanctum
12:53 Castle
» items
team 2 (winner)
Tmeta (
orange | 29 APM | 835 actions | 28:44)
6 Death Knight
3 Death Coil
1 Unholy Aura
1 Death Pact
1 Animate Dead
» actions
| Assign group hotkey | 10 | |
| Basic commands | 37 | |
| Build / train | 62 | |
| ESC pressed | 4 | |
| Enter build submenu | 39 | |
| Enter hero's abilities submenu | 6 | |
| Give item / drop item | 1 | |
| Remove unit from queue | 1 | |
| Right click | 266 | |
| Select / deselect | 315 | |
| Select group hotkey | 28 | |
| Use ability | 66 | |
835 total
» units
| Acolyte | 14 | |
| Ghoul | 7 | |
| Crypt Fiend | 7 | |
| Frost Wyrm | 3 | |
| Archer | 2 | |
| Gargoyle | 2 | |
35 total
» upgrades
| Creature Attack | 3 | |
| Creature Carapace | 3 | |
| Web | 1 | |
| Burrow | 1 | |
| Strength of the Wild | 1 | |
| Reinforced Hides | 1 | |
| Freezing Breath | 1 | |
11 total
» buildings
| Altar of Darkness | 1 | |
| Ziggurat | 11 | |
| Graveyard | 1 | |
| Crypt | 2 | |
| Halls of the Dead | 1 | |
| Necropolis | 3 | |
| Spirit Tower | 3 | |
| Black Citadel | 1 | |
| Sacrificial Pit | 1 | |
| Nerubian Tower | 1 | |
| Boneyard | 6 | |
| Ancient of Wind | 2 | |
| Tomb of Relics | 1 | |
34 total
» build order
00:14 Altar of Darkness
00:23 Ziggurat
00:30 Graveyard
01:54 Crypt
02:04 Crypt
02:11 Ziggurat
03:25 Ziggurat
03:42 Ziggurat
05:44 Halls of the Dead
07:50 Necropolis
09:26 Necropolis
09:29 Ziggurat
11:15 Spirit Tower
11:19 Ziggurat
11:21 Ziggurat
11:35 Black Citadel
12:26 Sacrificial Pit
12:36 Ziggurat
12:53 Spirit Tower
13:21 Spirit Tower
14:29 Nerubian Tower
14:42 Boneyard
15:02 Boneyard
16:24 Boneyard
16:26 Boneyard
16:29 Boneyard
16:31 Boneyard
18:17 Ancient of Wind
18:34 Ancient of Wind
20:15 Necropolis
22:56 Tomb of Relics
23:43 Ziggurat
23:44 Ziggurat
23:47 Ziggurat
» items
| Scroll of Protection | 1 | |
| Potion of Healing | 1 | |
2 total
celobox (
blue | 34 APM | 1218 actions | 35:23)
5 Death Knight
3 Death Coil
2 Unholy Aura
6 Dark Ranger
3 Black Arrow
3 Life Drain
» actions
| Assign group hotkey | 29 | |
| Basic commands | 2 | |
| Build / train | 115 | |
| Enter build submenu | 22 | |
| Enter hero's abilities submenu | 12 | |
| Give item / drop item | 4 | |
| Right click | 325 | |
| Select / deselect | 355 | |
| Select group hotkey | 266 | |
| Use ability | 87 | |
1218 total
» units
| Acolyte | 26 | |
| Ghoul | 2 | |
| Crypt Fiend | 20 | |
| Goblin Sapper | 1 | |
| Obsidian Statue | 3 | |
| Gargoyle | 6 | |
| Meatwagon | 6 | |
| Hippogryph | 7 | |
71 total
» upgrades
| Creature Carapace | 2 | |
| Creature Attack | 2 | |
| Unholy Armor | 2 | |
| Unholy Strength | 2 | |
| Web | 1 | |
| Moon Armor | 1 | |
| Hippogryph Taming | 1 | |
11 total
» buildings
| Graveyard | 1 | |
| Crypt | 2 | |
| Altar of Darkness | 2 | |
| Ziggurat | 9 | |
| Tomb of Relics | 2 | |
| Necropolis | 2 | |
| Halls of the Dead | 1 | |
| Nerubian Tower | 2 | |
| Spirit Tower | 5 | |
| Sacrificial Pit | 1 | |
| Slaughterhouse | 1 | |
| Moon Well | 1 | |
29 total
» build order
00:11 Graveyard
00:25 Crypt
00:46 Altar of Darkness
01:18 Ziggurat
01:21 Tomb of Relics
01:59 Ziggurat
02:58 Ziggurat
07:48 Ziggurat
08:07 Ziggurat
08:09 Necropolis
08:12 Ziggurat
08:13 Ziggurat
08:15 Ziggurat
09:56 Halls of the Dead
10:08 Nerubian Tower
10:10 Spirit Tower
10:35 Ziggurat
11:12 Tomb of Relics
11:15 Spirit Tower
12:45 Sacrificial Pit
12:48 Slaughterhouse
13:52 Crypt
14:43 Moon Well
23:23 Altar of Darkness
24:41 Spirit Tower
24:43 Spirit Tower
27:18 Necropolis
27:22 Nerubian Tower
27:24 Spirit Tower
» items
| Rod of Necromancy | 2 | |
| Scroll of Speed | 1 | |
| Scroll of Town Portal | 4 | |
| Dust of Appearance | 2 | |
9 total
Anki (
green | 87 APM | 3072 actions | 35:24)
7 Blademaster
3 Wind Walk
3 Critical Strike
1 Bladestorm
» actions
| Assign group hotkey | 110 | |
| Basic commands | 249 | |
| Build / train | 124 | |
| ESC pressed | 6 | |
| Enter build submenu | 42 | |
| Enter hero's abilities submenu | 7 | |
| Give item / drop item | 16 | |
| Right click | 1222 | |
| Select / deselect | 315 | |
| Select group hotkey | 708 | |
| Use ability | 273 | |
3072 total
» units
| Peon | 15 | |
| Grunt | 7 | |
| Wind Rider | 6 | |
| Goblin Sapper | 14 | |
| Acolyte | 2 | |
44 total
» upgrades
| Melee Weapons | 3 | |
| Berserker Strength | 1 | |
| Pillage | 1 | |
| Armor | 3 | |
| Reinforced Defenses | 1 | |
| Ranged Weapons | 3 | |
| Envenomed Spears | 1 | |
| Liquid Fire | 1 | |
| Troll Regeneration | 1 | |
| Spiked Barricades | 3 | |
| Backpack | 1 | |
19 total
» buildings
| Orc Burrow | 9 | |
| Barracks | 1 | |
| Altar of Storms | 1 | |
| Voodoo Lounge | 2 | |
| War Mill | 1 | |
| Stronghold | 2 | |
| Great Hall | 2 | |
| Watch Tower | 29 | |
| Fortress | 3 | |
| Beastiary | 2 | |
52 total
» build order
00:11 Orc Burrow
01:41 Barracks
01:49 Orc Burrow
01:54 Altar of Storms
02:38 Orc Burrow
02:42 Voodoo Lounge
03:31 War Mill
04:30 Stronghold
05:22 Great Hall
06:41 Watch Tower
06:43 Watch Tower
06:46 Voodoo Lounge
06:49 Watch Tower
08:41 Fortress
08:41 Fortress
08:46 Beastiary
08:47 Beastiary
09:14 Watch Tower
09:16 Watch Tower
09:22 Orc Burrow
12:55 Watch Tower
12:57 Watch Tower
12:58 Watch Tower
13:00 Watch Tower
13:01 Watch Tower
13:01 Watch Tower
14:34 Watch Tower
14:35 Watch Tower
14:39 Watch Tower
14:44 Watch Tower
14:50 Orc Burrow
14:51 Orc Burrow
15:00 Orc Burrow
16:02 Watch Tower
16:03 Watch Tower
16:04 Watch Tower
21:48 Orc Burrow
23:58 Great Hall
24:03 Watch Tower
24:04 Watch Tower
24:05 Watch Tower
24:08 Watch Tower
24:09 Watch Tower
24:09 Watch Tower
24:13 Watch Tower
24:14 Watch Tower
24:16 Watch Tower
24:57 Watch Tower
25:01 Watch Tower
33:52 Orc Burrow
» items
| Healing Salve | 6 | |
| Lesser Clarity Potion | 5 | |
| Scroll of Town Portal | 3 | |
| Boots of Speed | 1 | |
| Scroll of Protection | 1 | |
| Orb of Lightning | 1 | |
| Orb of Corruption | 1 | |
18 total
level- (
purple | 41 APM | 506 actions | 12:16)
3 Priestess of the Moon
1 Searing Arrows
2 Trueshot Aura
2 Dark Ranger
1 Black Arrow
1 Silence
» actions
| Basic commands | 63 | |
| Build / train | 70 | |
| Enter build submenu | 13 | |
| Enter hero's abilities submenu | 5 | |
| Right click | 167 | |
| Select / deselect | 173 | |
| Use ability | 15 | |
506 total
» units
» upgrades
| Strength of the Moon | 3 | |
| Moon Armor | 2 | |
| Improved Bows | 1 | |
| Ultravision | 1 | |
| Marksmanship | 1 | |
| Well Spring | 1 | |
| Nature's Blessing | 1 | |
10 total
» buildings
| Moon Well | 6 | |
| Altar of Elders | 1 | |
| Ancient of War | 3 | |
| Hunter's Hall | 1 | |
| Ancient of Wonders | 1 | |
| Tree of Ages | 1 | |
| Tree of Life | 1 | |
| Tree of Eternity | 1 | |
15 total
» build order
01:01 Moon Well
01:05 Altar of Elders
01:08 Ancient of War
01:53 Moon Well
02:40 Hunter's Hall
03:08 Ancient of Wonders
03:18 Moon Well
03:35 Tree of Ages
05:43 Tree of Life
06:45 Tree of Eternity
10:18 Ancient of War
10:22 Moon Well
10:25 Moon Well
11:09 Ancient of War
11:34 Moon Well
Chat log
(00:25 / All) Chillin: WU TANG CLAN AINT NOTHING TO FUCK WITH
(00:31 / All) Chillin: WU TANG CLAN AINT NOTHING TO FUCK WTIH
(00:33 / All) ih8naggers: fux dat noze bix
(00:48 / All) Tasta-my-BladE: bring the mother fuckin rukkus
(00:49 / All) Anki: Anki is good flashcard software
(00:56 / All) Anki: just started learning 5 languages at once
(01:00 / All) Anki: one each week day
(01:14 / All) ih8naggers: i lern yo mom body
(01:19 / All) Anki: I'm gonna be a polyglot and know 8 well after a few months
(01:21 / All) ih8naggers: ery day
(01:46 / All) level-: YOOOOOOOOOOOOOOOOOO
(02:15 / All) level-: YO YO
(02:21 / All) ih8naggers: sup cuhh?
(02:25 / All) Chillin: yO IT'S BOY XTREME TONY
(02:39 / All) ih8naggers: u aint he yo
(02:41 / All) ih8naggers: y u tripin
(02:57 / All) Chillin: XTREME TONY UP IN DIS HIZZIE
(02:58 / All) ih8naggers: git yo fakass bama shit out dis junx
(06:26 / All) ih8naggers: i dun tole u dunt b triflin
(08:55 / Allies) Tmeta: regroup
(09:05 / Allies) level-: im really worryed
(09:08 / Allies) Anki: why
(09:24 / Allies) level-: look around youll see what i mean
(09:27 / Allies) Anki: ?
(09:31 / Allies) Anki: are you high
(09:34 / Allies) Anki: how much weed did you smoke
(09:50 / Allies) level-: now im even more worryed
(10:22 / Allies) celobox: lumbwe
(10:31 / Allies) celobox: lumbwe
(10:32 / All) Chillin: thx
(10:32 / Allies) Anki: Gave you str gauntlets orange
(10:45 / Allies) celobox: ty
(11:54 / Allies) Tmeta: sos
(12:16 / All) ih8naggers: u goen lag now?
(12:17 / All) Anki: Lag fag ruining a good game
(14:05 / Allies) Anki: inc
(14:52 / Allies) Tmeta: meet up
(14:54 / Allies) Tmeta: this side
(15:05 / Allies) Anki: gryph hawk teal
(17:27 / Allies) Tmeta: counter
(17:55 / Allies) Tmeta: lumber
(19:41 / Allies) Tmeta: b
(20:29 / Allies) Tmeta: gold
(22:32 / Allies) Anki: get a shop orange
(22:44 / Allies) Tmeta: k
(23:19 / Allies) Tmeta: u lead us green
(23:22 / Allies) Tmeta: ill follow
(23:24 / Allies) Anki: k
(23:28 / Allies) Anki: waiting to buy orb of corruption
(24:27 / Allies) Anki: wow so many hippos
(25:28 / Allies) Anki: come guys
(25:28 / Allies) Anki: wtf
(25:36 / Allies) Tmeta: comin
(25:38 / All) Anki: I say to hit a leaver base and they kill random peons
(25:40 / All) Anki: got a noob team
(26:02 / All) Tmeta: green why?
(26:15 / Allies) Anki: Noob team
(26:22 / Allies) Anki: his team all left but 2 noobs on my team
(26:28 / Allies) Anki: one random noob lose vs 2 random noob lose
(26:37 / Allies) Anki: so I rather 2 noobs lose
(26:43 / Allies) Anki: 2 noobs lose is better than 1 noobs lose
(26:45 / Allies) Anki: so u 2 lose
(27:58 / All) Tmeta: ur an ass hole green
(28:07 / All) Anki: 2 noobs lose is better than 1 random noob lose
(28:09 / All) Anki: gg pink
(28:12 / All) Anki: grats u got a lucky win
(28:13 / All) Tmeta: ur the noob
(28:22 / All) Anki: u r noob
(28:25 / All) Anki: new player noobie
(29:03 / Allies) Anki: time for other noob to die blue
(29:04 / Allies) Anki: you lose noob
(29:43 / All) Anki: BLue is a dumb retard noob who won't lose
(29:46 / All) Anki: won't leave
(29:55 / All) Anki: You lose retard
(29:57 / All) Anki: get out
(30:14 / All) Chillin: raped
(31:37 / All) Chillin: NO CHANCE
(31:40 / All) Chillin: THAT'S WAHT U GOT
(31:44 / All) Chillin: UP AGAINST A MACHINE TOO STRONG
(31:48 / All) Anki: Not sure blue understands
(31:51 / All) Anki: not sure how literate he is
(31:53 / All) Anki: hasn't replied at all
(31:57 / All) Anki: Blue you lose
(32:02 / All) Anki: you can leave and get a tie
(32:04 / All) Anki: or stay and get a loss
(33:03 / All) Anki: Blue anything to say for yourself?
(33:05 / All) Anki: you lose noobie!
(33:25 / All) Anki: lawl that was so many peons
(33:32 / All) Anki: I thought your bladestorm would kill them but when they started attacking
(33:37 / All) Anki: they were actually looking like they'd kill it
(33:47 / All) Anki: Bm dying to that many peons in a legit game would be hilarious
(34:17 / All) Chillin: I've surrounded bms that were low on mana
(34:20 / All) Chillin: and harrassing lawl
(34:24 / All) Anki: Yeah
(34:29 / All) Anki: I make my bases tight
(34:34 / All) Anki: and so sometimes as human some idiot will level 1 harass
(34:41 / All) Anki: then I'll make a farm at the only entrance, it gets blocked and dies LOL
(34:56 / All) Anki: Blue you have until this burrow dies to open your mouth
(35:03 / All) Anki: say something funny and maybe I'll give you a win who knows